 Dungeon Crawl Stone Soup version 0.18.1-5-g4a78601 (webtiles) character file.

158 sqallbeste the Chopper (level 5, -9/41 HPs)
             Began as a Mummy Gladiator on May 14, 2016.
             Mangled by stepppan's ghost (13 damage)
             ... on level 3 of the Dungeon.
             The game lasted 00:03:45 (1966 turns).

sqallbeste the Chopper (Mummy Gladiator)            Turns: 1966, Time: 00:03:46

Health: -9/41      AC:  7    Str: 19    XL:     5   Next: 16%
Magic:  5/5        EV:  5    Int:  7    God:
Gold:   101        SH:  0    Dex: 13    Spells: 0 memorised, 4 levels left

rFire  x . .     SeeInvis .     i - +2 hand axe (pain)
rCold  + + .     Gourm    .     f - +0 scale mail
rNeg   + + +     Faith    .     (no shield)
rPois  ∞         Spirit   .     c - +0 helmet
rElec  .         Dismiss  .     (no cloak)
rCorr  .         Reflect  .     (no gloves)
SustAt .         Harm     .     (no boots)
MR     .....                    l - amulet of magic regeneration
Stlth  ..........               (no ring)
                                e - ring of protection from cold

@: not resistant to hostile enchantments, extremely unstealthy
A: no food or potions, fire vulnerability, cold resistance 1, negative energy
resistance 3, torment resistance, unbreathing
a: no special abilities


You were on level 3 of the Dungeon.
You were not hungry.

You visited 1 branch of the dungeon, and saw 3 of its levels.

You collected 101 gold pieces.

Inventory:

Hand Weapons
 i - a +2 hand axe of pain (weapon)
Missiles
 d - 5 throwing nets (quivered)
Armour
 b - a +0 leather armour
 c - a +0 helmet (worn)
 f - a +0 scale mail (worn)
Jewellery
 e - a ring of protection from cold (left hand)
 l - an amulet of magic regeneration (around neck)
Wands
 k - a wand of digging (2/24)
Scrolls
 a - 2 scrolls of identify {unknown}
 g - a scroll of fog {unknown}
 h - a scroll of recharging {unknown}
 j - 6 scrolls of remove curse {unknown}


   Skills:
 + Level 3.2 Fighting
 + Level 3.8 Axes
 - Level 1.5 Throwing
 + Level 1.7 Armour
 - Level 2.4 Dodging


You had 4 spell levels left.
You didn't know any spells.

Dungeon Overview and Level Annotations

Branches:
Dungeon (3/15)

Altars:

Annotations:
D:3 Sigmund; stepppan's ghost, amateur TrMo


Innate Abilities, Weirdness & Mutations

You do not eat or drink.
Your flesh is vulnerable to fire.
You are immune to poison.
Your flesh is cold resistant.
You are immune to negative energy.
You are immune to unholy pain and torment.
You can survive without breathing.


Message History

Stepppan's ghost closely misses you.
You hit stepppan's ghost.
Stepppan's ghost is lightly damaged.
Stepppan's ghost hits you!
You hit stepppan's ghost.
Stepppan's ghost is moderately damaged.
Stepppan's ghost barely misses you.
Your scale mail prevents you from hitting stepppan's ghost.
Stepppan's ghost is moderately damaged.
Something hits you but does no damage. Stepppan's ghost closely misses you.
You hit stepppan's ghost but do no damage.
Stepppan's ghost is moderately damaged.
Stepppan's ghost hits you!
* * * LOW HITPOINT WARNING * * *
Something hits you but does no damage.
You see here 14 gold pieces.
There is a stone staircase leading up here.
Stepppan's ghost says, "I was like you once."
Stepppan's ghost hits you!
You die...

. ..##.####.. .#.
..........
...#######.##.....#
#...<>##...##.....#
##.#.)...####.....#
#.[[#............#
......#######.....#
......# #...W.#
......# #..†@.#
####### #.....#
#.....# #######


You could see stepppan's ghost.

Vanquished Creatures
  An orc priest (D:3)
  Jessica (D:2)
  Terence (D:2)
  2 adders
  2 oozes
  A dart slug (D:2)
  4 orcs (D:3)
  4 giant cockroaches
  5 goblins
  2 hobgoblins (D:1)
  6 jackals
  4 bats (D:1)
  11 kobolds
  4 rats
  4 fungi (D:2)
52 creatures vanquished.

Notes
Turn   | Place    | Note
--------------------------------------------------------------
     0 | D:1      | sqallbeste the Mummy Gladiator began the quest for the Orb.
     0 | D:1      | Reached XP level 1. HP: 16/16 MP: 1/1
   482 | D:1      | Reached XP level 2. HP: 22/22 MP: 2/2
   813 | D:1      | Reached XP level 3. HP: 28/28 MP: 3/3
   889 | D:2      | Noticed Jessica
   927 | D:2      | Killed Jessica
   927 | D:2      | Reached XP level 4. HP: 32/34 MP: 4/4
   939 | D:2      | Reached skill level 1 in Armour
  1617 | D:3      | Noticed stepppan's ghost (amateur TrMo)
  1708 | D:3      | Noticed Terence
  1905 | D:3      | Noticed Sigmund
  1943 | D:2      | Killed Terence
  1943 | D:2      | Reached XP level 5. HP: 39/41 MP: 5/5
  1966 | D:3      | Mangled by stepppan's ghost

Skill      XL: |  1  2  3  4 |
---------------+-------------+-----
Axes           | 3 |  3.8
Armour         | 1 |  1.7
Fighting       | 3 |  3.2
Throwing       | |  1.5
Dodging        | |  2.4

Action                   |  1- 3 |  4- 6 || total
-------------------------+-------+-------++-------
Melee: War axe           |    22 |       ||    22
       Hand axe          |    62 |    83 ||   145
Armor: Leather armour    |    10 |       ||    10
       Scale mail        |    37 |    25 ||    62
Dodge: Dodged            |    73 |    29 ||   102
